 Dungeon Sprint DCSS version 0.17.1-3-g152610e (webtiles) character file.

530 Kokonut the Basher (level 7, -2/114 HPs)
             Began as a Troll Berserker on Mar 12, 2016.
             Was a High Priest of Trog.
             Slain by a human
             ... wielding a +0 dagger
              (7 damage)
             ... in the Dungeon (Sprint III: "The Ten Rune Challenge").
             The game lasted 00:02:49 (261 turns).

Kokonut the Basher (Troll Berserker)                 Turns: 261, Time: 00:02:49

Health: -2/114     AC:  5    Str: 32    XL:     7   Next: 3%
Magic:  6/6        EV: 12    Int:  3    God:    Trog [*****.]
Gold:   59         SH:  0    Dex: 10    Spells: 0 memorised, 6 levels left

rFire  . . .     SeeInvis .     a - +0 mace
rCold  . . .     Clarity  .     b - +0 animal skin
rNeg   . . .     SustAt   .     (no shield)
rPois  .         Gourm    +     (helmet restricted)
rElec  .         Spirit   .     (no cloak)
rCorr  .         Warding  .     (gloves unavailable)
rMut   .         NoTele   +     (boots unavailable)
MR     .....                    (no amulet)
Stlth  ..........               (no ring)
                                (no ring)

@: berserking (expiring), very quick, not resistant to hostile enchantments,
extremely unstealthy
A: unfitting armour, claws 3, fast metabolism 3, gourmand, regeneration 2,
shaggy fur 1, tough skin 2
a: Berserk, Trog's Hand, Brothers in Arms, Burn Spellbooks, Renounce Religion


You were in the Dungeon.
You worshipped Trog.
Trog was extremely pleased with you.
You were not hungry.

You visited 1 branch You collected 59 gold pieces.

Inventory:

Hand Weapons
 a - a +0 mace (weapon)
Armour
 b - a +0 animal skin (worn)
Scrolls
 i - a scroll of blinking
 k - 2 scrolls of torment {unknown}
 l - 2 scrolls of identify {unknown}
 m - a scroll of amnesia {unknown}
 p - a scroll of remove curse {unknown}
Potions
 d - a potion of curing
 e - 2 potions of heal wounds
 f - a potion of haste
 g - 2 potions of magic
 h - a potion of berserk rage
 j - 3 potions of mutation {unknown}
 o - 3 potions of cure mutation
 q - a potion of flight {unknown}
Comestibles
 c - 2 bread rations
 n - 2 royal jellies


   Skills:
 + Level 6.8 Fighting
 * Level 10.2 Maces & Flails
 + Level 6.7 Dodging


You had 6 spell levels left.
You didn't know any spells.

Dungeon Overview and Level Annotations

Branches:
Dungeon (1/1)

Altars:
Elyvilon
Kikubaaqudgha
Okawaru
Sif Muna
Trog
Vehumet
Zin
The Shining One


Innate Abilities, Weirdness & Mutations

You are too large for most types of armour.
You have claws for hands.
Your metabolism is lightning-fast.
You like to eat raw meat.
You heal very quickly.
You are covered in fur (AC +1).
You have very tough skin (AC +2).


Message History

The human is lightly wounded.
The human hits you but does no damage.
You sock the human!
The human is heavily wounded.
The human barely misses you.
You sock the human!
The human is heavily wounded.
The human hits you but does no damage.
You barely miss the human.
The human is heavily wounded.
The human hits you with a dagger!
* * * LOW HITPOINT WARNING * * *
You sock the human!
The human is severely wounded.
The human hits you with a dagger.
* * * LOW HITPOINT WARNING * * *
You closely miss the human.
The human is severely wounded.
The human hits you with a dagger!
You die...

▓▓▓▓▓ ▓▓▓ ....♣♣♣
♣.######### ....♣.♣
♣♣.#___#__[# .....♣♣
♣..#)..#!p.# ....≈.♣
♣♣.###'#@###+## ...≈≈♣♣
♣♣.#..........#
..≈≈≈≈♣♣♣..'.⌠........#
..≈≈≈≈≈≈♣..#...######+#
.≈≈≈≈≈≈....#.⌠.#
.≈≈≈≈≈.....#...#
.≈≈≈.......#)###
...........#...#
...........#___#


You could see a human (berserk).

Vanquished Creatures
  A deep elf priest (D)
  A water elemental (D)
  A scorpion (D)
  A wizard (D)
  A kobold demonologist (D)
  2 humans (D)
  An ooze (D)
  3 rats (D)
11 creatures vanquished.

Vanquished Creatures (others)
  2 draconian scorchers (D)
  A yaktaur (D)
3 creatures vanquished.

Grand Total: 14 creatures vanquished

Notes
Turn   | Place    | Note
--------------------------------------------------------------
     0 | D        | Kokonut the Troll Berserker began the quest for the Orb.
     0 | D        | Reached XP level 1. HP: 22/22 MP: 0/0
    13 | D        | Reached ** piety under Trog
    13 | D        | Reached skill level 3 in Maces & Flails
    43 | D        | Noticed a scorpion
    56 | D        | Killed a scorpion
    56 | D        | Reached skill level 5 in Maces & Flails
    56 | D        | Reached XP level 2. HP: 29/32 MP: 1/1
    56 | D        | Reached XP level 3. HP: 35/39 MP: 2/2
    61 | D        | Reached *** piety under Trog
    61 | D        | Reached XP level 4. HP: 26/48 MP: 3/3
   148 | D        | Killed a yaktaur
   154 | D        | Noticed a water elemental
   158 | D        | Killed a water elemental
   158 | D        | Reached skill level 6 in Maces & Flails
   190 | D        | Killed a white draconian scorcher
   205 | D        | Found a radiant altar of Vehumet.
   205 | D        | Found a deep blue altar of Sif Muna.
   205 | D        | Found an ancient bone altar of Kikubaaqudgha.
   205 | D        | Noticed a wizard
   209 | D        | Noticed a neqoxec
   209 | D        | Killed a wizard
   209 | D        | Reached **** piety under Trog
   209 | D        | Reached skill level 7 in Maces & Flails
   209 | D        | Reached XP level 5. HP: 55/55 MP: 4/4
   211 | D        | Killed a white draconian scorcher
   212 | D        | Reached skill level 5 in Fighting
   212 | D        | Reached skill level 5 in Dodging
   222 | D        | Found a glowing silver altar of Zin.
   222 | D        | Found a glowing golden altar of the Shining One.
   222 | D        | Found a white marble altar of Elyvilon.
   223 | D        | Noticed a deep elf priest
   237 | D        | Killed a deep elf priest
   237 | D        | Reached ***** piety under Trog
   237 | D        | Reached skill level 9 in Maces & Flails
   237 | D        | Reached XP level 6. HP: 15/68 MP: 5/5
   244 | D        | Found an iron altar of Okawaru.
   244 | D        | Found a bloodstained altar of Trog.
   244 | D        | Noticed a human
   245 | D        | Noticed a human
   253 | D        | Killed a human
   253 | D        | Reached skill level 10 in Maces & Flails
   253 | D        | Reached XP level 7. HP: 29/76 MP: 6/6
   260 | D        | HP: 5/114 [human/dagger (5)]
   261 | D        | Slain by a human

Action                   |  1- 3 |  4- 6 |  7- 9 || total
-------------------------+-------+-------+-------++-------
Melee: Mace              |    22 |    28 |     8 ||    58
Invok: Berserk           |     1 |     2 |       ||     3
       Burn Spellbooks   |       |     1 |       ||     1
  Eat: Chunk             |       |     4 |       ||     4
